 Dungeon Crawl Stone Soup version 0.29-a0-878-g7b45a56547 (webtiles) character file.

Game seed: 14399741456693783091

227 RBrandon the Cutter (level 5, -1/46 HPs)
             Began as a Minotaur Monk on July 20, 2022.
             Killed by an exploding rat (27 damage)
             ... ignited by their inner flame
             ... on level 4 of the Dungeon.
             The game lasted 00:04:41 (3327 turns).

RBrandon the Cutter (Minotaur Monk)                 Turns: 3327, Time: 00:04:41

Health: -1/46      AC: 12    Str: 14 (15) XL:     5   Next: 70%
Magic:  4/4        EV:  6    Int:  9 (11) God:
Gold:   120        SH:  0    Dex: 13      Spells: 4/4 levels left

rFire   . . .      SeeInvis .   i - +2 quick blade
rCold   . . .      Faith    .   (no shield)
rNeg    . . .      Spirit   .   l - +0 chain mail
rPois   .          Reflect  .   (helmet restricted)
rElec   .          Harm     .   (no cloak)
rCorr   .          Rampage  .   q - +2 pair of gloves
Will    .....                   h - +0 pair of boots
Stlth   ..........              (no amulet)
HPRegen 0.15/turn               (no ring)
MPRegen 0.09/turn               (no ring)

@: flying
A: horns 2, retaliatory headbutt, clever 1
a: no special abilities


You were on level 4 of the Dungeon.
You visited 1 branch of the dungeon, and saw 4 of its levels.

You collected 120 gold pieces.

Inventory:

Hand Weapons
 a - a +0 hand axe
 i - a +2 quick blade (weapon)
Armour
 b - a +0 robe
 h - a +0 pair of boots (worn)
 l - a +0 chain mail (worn)
 q - a +2 pair of gloves (worn)
Jewellery
 k - a ring of wizardry
Scrolls
 f - a scroll of acquirement
Potions
 d - 2 potions of curing


   Skills:
 - Level 3.9 Fighting
 + Level 5.4 Short Blades
 - Level 4.2 Axes
 - Level 3.5 Dodging
 - Level 1.5 Stealth


You had 4 spell levels left.
You didn't know any spells.
Your spell library contained the following spells:

 Spells                   Type           Power      Damage    Failure   Level
 Ensorcelled Hibernation  Hex/Ice        0%         N/A       100%        2
 Passwall                 Tmut/Erth      0%         N/A       100%        2
 Swiftness                Air            0%         N/A       100%        3


Dungeon Overview and Level Annotations

Branches:
Dungeon (4/15)
 Temple: D:4-7

Altars:
Sif Muna
Xom

Annotations:
D:3 2 transporters
D:4 Eustachio


Innate Abilities, Weirdness & Mutations

You have a pair of horns on your head.
You reflexively headbutt those who attack you in melee.
Your mind is acute. (Int +4, Str/Dex -1)


Message History

The shadow imp attacks as you move away!
The shadow imp hits you.
* * * LOW HITPOINT WARNING * * *
The shadow imp disappears in a puff of smoke!
Okay, then.
Okay, then.
You are confused.
You feel invigorated. The shadow imp hits you.
* * * LOW HITPOINT WARNING * * *
You feel less invigorated.
You feel less confused.
As you read the scroll labelled PUMIADGHICRU, it crumbles to dust.
It is a scroll of identify.
f - a scroll of acquirement The shadow imp disappears in a puff of smoke!
As you read the scroll labelled IQEFRA PACE, it crumbles to dust.
It is a scroll of amnesia.
You feel forgetful for a moment. The river rat bites you.
The rat barely misses you. The rat attacks as you move away!
The rat bites you but does no damage. The river rat attacks as you move away!
The river rat barely misses you.
Okay, then.
Okay, then.
Unknown command.
Unknown command.
An adder skeleton and a hound come into view.
The hound barks!
Okay, then.
The river rat attacks as you move away!
The river rat bites you but does no damage.
The river rat attacks as you move away! The river rat bites you.
The rat barely misses you. You furiously retaliate!
You headbutt the rat.
Flame seeps out of the rat.
Eustachio mumbles some strange words.
The rat is engulfed in blazing flames.
The rat's corpse disappears in a puff of smoke!
The rat explodes!
The fiery explosion engulfs you!!
Ouch! That really hurt!
You die...

#............
..##........... .
.......Z...... .##
....#.......# #..##
....#...h...####.....
..#..........#....... #
.......§§r..5#5....# #.
##....r○r..@.5...# .##.#
#....@#####.##..# .
.....##.#...##.#.§## .
##.........#§...§(#
...##..........#.##
#..#.......#####... #
#..........# ...... #
........†...# .....## ##
...........#####.....# #.
...............#.....####
#


You could see Eustachio, a hound, a quasit (summoned), a river rat (summoned,
inner flame), a white imp (summoned), a shadow imp (summoned), 2 rats and an
adder skeleton.

Vanquished Creatures
  A phantom (D:4)
  A scorpion (D:4)
  4 adders
  An adder zombie (D:4)
  2 dart slugs (D:1)
  2 orcs (D:3)
  4 endoplasms
  3 giant cockroaches
  7 goblins
  4 hobgoblins
  2 quokkas (D:2)
  7 ball pythons
  2 bats (D:2)
  4 frilled lizards
  6 rats
  2 toadstools (D:1)
52 creatures vanquished.

Vanquished Creatures (others)
  2 toadstools (D:1)
  5 withered plants (D:4)
7 creatures vanquished.

Grand Total: 59 creatures vanquished

Notes
Turn   | Place    | Note
-------+----------+-------------------------------------------
     0 | D:1      | RBrandon the Minotaur Monk began the quest for the Orb.
     0 | D:1      | Reached XP level 1. HP: 19/19 MP: 0/0
   190 | D:1      | Found a faded altar of an unknown god.
   418 | D:1      | Reached XP level 2. HP: 27/27 MP: 1/1
  1400 | D:2      | Reached skill level 1 in Short Blades
  1506 | D:2      | Found a shimmering altar of Xom.
  1631 | D:2      | Reached XP level 3. HP: 28/33 MP: 2/2
  2460 | D:3      | Reached skill level 2 in Short Blades
  2470 | D:3      | Found a transporter.
  2472 | D:3      | Found a transporter.
  2648 | D:3      | Identified the +4 mace of Kusos {vorpal, rN+ rCorr Dex+4}
  2932 | D:3      | Reached XP level 4. HP: 38/40 MP: 3/3
  2957 | D:3      | Reached skill level 3 in Short Blades
  3201 | D:4      | Noticed a scorpion
  3217 | D:4      | Killed a scorpion
  3218 | D:4      | Reached skill level 4 in Short Blades
  3248 | D:4      | Found a shimmering blue altar of Sif Muna.
  3267 | D:4      | Reached XP level 5. HP: 33/46 MP: 4/4
  3274 | D:4      | Noticed Eustachio
  3283 | D:4      | Noticed a phantom
  3290 | D:4      | Gained mutation: Your mind is acute. (Int +4, Str/Dex -1)
                  | [potion of mutation]
  3297 | D:4      | Killed a phantom
  3298 | D:4      | Reached skill level 5 in Short Blades
  3320 | D:4      | Identified a scroll of acquirement
  3327 | D:4      | Killed by an exploding rat... ignited by their inner flame

Illustrated notes

Levels and vault maps discovered:
D:1:      ldierk_water_garden, layout_basic, serial_rivers,
          chequers_serial_rivers_room_a, chequers_serial_rivers_room_b,
          chequers_serial_rivers_small_3, chequers_serial_rivers_small_a,
          basic_ecumenical_altar, nrook_mini_vaults, minmay_curled_crystal
D:2:      layout_basic, basic_altar, serial_co_window_serial, co_window_paths_a,
          co_window_corner_a, co_window_corner_a, co_window_corner_a,
          co_window_paths_a, co_window_broadway_b, co_window_corner_b,
          co_window_broadway_c, co_window_2corner, co_window_broadway_b,
          co_window_paths_e, glass_columns_a, glass_columns_a, glass_columns_b,
          glass_columns_c, glass_columns_b
D:3:      gammafunk_steamed_eel, layout_loops_ring
D:4:      layout_cave_pools, mainiacjoe_overflow_chevrons,
          minmay_temple_entry_enclosed_plants, gup_sewer_entry_glass,
          serial_undead, serial_undead_e, serial_undead_c, serial_undead_b,
          serial_undead_f, kennysheep_generic_room_5, uniq_eustachio

Skill      XL: |  1  2  3  4  5 |
---------------+----------------+-----
Axes           | 4 |  4.2
Short Blades   | 1 2 4 5 |  5.4
Fighting       | |  3.9
Dodging        | |  3.5
Stealth        | |  1.5

Action                   |  1- 3 |  4- 6 || total
-------------------------+-------+-------++-------
Melee: Hand axe          |    19 |       ||    19
       Headbutt          |    17 |     9 ||    26
       Quick blade       |    90 |    48 ||   138
       Punch             |       |     1 ||     1
  Use: Scroll            |     3 |     4 ||     7
       Potion            |       |     6 ||     6
 Stab: Sleeping          |     3 |       ||     3
       Invisible         |       |     2 ||     2
Armor: Robe              |     9 |       ||     9
       Chain mail        |    15 |    25 ||    40
Dodge: Dodged            |    40 |    22 ||    62

Table legend: (Time is in decaauts)
 A = Elapsed time spent in this place.
 B = Non-inter-level travel time spent in this place.
 C = Inter-level travel time spent in this place.
 D = Time resting spent in this place.
 E = Time spent auto-exploring this place.
 F = Levels seen in this place.
 G = Mean time per level.
                   A        B        C        D        E       F      G
               +--------+--------+--------+--------+--------+-----+--------+
         Total |   3274 |   3122 |    152 |    123 |   2475 |   4 |  818.5 |
       Dungeon |   3274 |   3122 |    152 |    123 |   2475 |   4 |  818.5 |
               +--------+--------+--------+--------+--------+-----+--------+

Top non-repeatable levels by time:
     D:2: 1457 daAuts
     D:1: 983 daAuts
     D:3: 710 daAuts
     D:4: 122 daAuts

Table legend:
 A = Kills in this place as a percentage of kills in entire the game.
 B = Kills by you in this place as a percentage of kills by you in the entire game.
 C = Kills by friends in this place as a percentage of kills by friends in the entire game.
 D = Other kills in this place as a percentage of other kills in the entire game.
 E = Experience gained in this place as a percentage of experience gained in the entire game.
 F = Experience gained in this place divided by the number of levels of this place that you have seen.
                   A       B       C       D       E      F
               +-------+-------+-------+-------+-------+----------------------
         Total | 100.0 | 100.0 |   N/A |   N/A | 100.0 |  81.2
       Dungeon | 100.0 | 100.0 |   N/A |   N/A | 100.0 |  81.2
               +-------+-------+-------+-------+-------+----------------------
